 Dungeon Crawl Stone Soup version 0.18.1-1-g2f07953 (webtiles) character file.

19005 Eucla the Severer (level 12, -2/127 HPs)
             Began as a Minotaur Berserker on May 6, 2016.
             Was a High Priest of Trog.
             Killed from afar by a raiju (13 damage)
             ... with a living lightning
             ... on level 1 of the Abyss on May 7, 2016.
             The game lasted 00:14:09 (10200 turns).

Eucla the Severer (Minotaur Berserker)             Turns: 10200, Time: 00:14:10

Health: -2/127     AC: 17    Str: 19    XL:     12   Next: 32%
Magic:  11/11      EV:  7    Int:  4    God:    Trog [*****.]
Gold:   185        SH:  0    Dex: 16    Spells: 0 memorised, 11 levels left

rFire  . . .     SeeInvis .     b - +6 battleaxe (chop)
rCold  + . .     Gourm    .     E - +2 plate armour {rC+}
rNeg   . . .     Faith    .     (shield currently unavailable)
rPois  .         Spirit   .     w - +2 hat
rElec  .         Dismiss  .     q - +0 cloak
rCorr  .         Reflect  .     t - +0 pair of gloves
SustAt .         Harm     .     (no boots)
MR     +....     Rnd*Tele +     (no amulet)
Stlth  ..........               O - ring of flight
                                j - ring of protection from magic

@: about to teleport, very slightly contaminated, slowed, very slow, somewhat
resistant to hostile enchantments, extremely unstealthy
A: retaliatory headbutt, horns 2, sense surroundings 1, robust 1, teleportitis
1, weak 1, MP-powered wands, sturdy frame 1
a: Berserk, Trog's Hand, Brothers in Arms, Burn Spellbooks, Renounce Religion,
Evoke Flight


You were on level 1 of the Abyss.
You worshipped Trog.
Trog was extremely pleased with you.
You were full.

You visited 2 branches of the dungeon, and saw 12 of its levels.
You visited the Abyss 1 time.

You collected 642 gold pieces.
You spent 457 gold pieces at shops.

Inventory:

Hand Weapons
 b - a +6 battleaxe of chopping (weapon)
 f - a +0 battleaxe of freezing
 p - a +6 executioner's axe of electrocution
 F - the +5 hand axe of Magnificence {chop, rElec Str+3 Dex+2}
   (You found it on level 7 of the Dungeon)

   It inflicts extra damage upon your enemies.
   It affects your strength (+3).
   It affects your dexterity (+2).
   It insulates you from electricity.
Armour
 q - a +0 cloak (worn)
 t - a +0 pair of gloves (worn)
 w - a +2 hat (worn)
 E - a +2 plate armour of cold resistance (worn)
Jewellery
 j - a ring of protection from magic (left hand)
 O - a ring of flight (right hand)
Wands
 m - a wand of confusion (23/48)
 o - a wand of random effects (31/48)
 z - a wand of iceblast (13/15)
 B - a wand of confusion (18/48)
 M - a wand of flame (11/48)
Scrolls
 g - 12 scrolls of identify
 k - 3 scrolls of enchant armour
 l - 2 scrolls of immolation
 s - 2 scrolls of recharging
 x - a scroll of teleportation
 A - 2 scrolls of remove curse
 L - a scroll of fog
Potions
 a - a potion of invisibility
 d - 4 potions of brilliance
 e - 3 potions of flight
 i - a potion of resistance
 r - 3 potions of might {unknown}
 u - 3 potions of degeneration
 C - a potion of cure mutation {unknown}
 D - a potion of haste
 J - 3 potions of beneficial mutation {unknown}
 K - a potion of lignification {unknown}
Books
 v - the Grimoire of Ghastly Talismans
   (You found it on level 7 of the Dungeon)

   Spells                             Type                      Level
   a - Song of Slaying                Charms                       2
   b - Corpse Rot                     Necromancy                   2
   c - Ozocubu's Armour               Charms/Ice                   3
   d - Haste                          Charms                       6
   e - Ring of Flames                 Charms/Fire                  7
   Trog disapproves of the use of such an item.
Comestibles
 c - 10 bread rations
 h - 4 meat rations


   Skills:
 + Level 13.9 Fighting
 * Level 18.7 Axes
 - Level 2.4 Armour
 - Level 2.1 Dodging


You had 11 spell levels left.
You didn't know any spells.

Dungeon Overview and Level Annotations

Branches:
Dungeon (9/15)             Temple (0/1) D:7            Lair (3/8) D:9
  Swamp: Lair:3-6    Shoals: Lair:3-6     Snake: Lair:3-6    Spider: Lair:3-6
    Orc: D:9-12

Altars:
Ashenzari
Cheibriados
Fedhas
Nemelex Xobeh
Okawaru
Pakellas
Sif Muna
Vehumet
Xom
Yredelemnul
The Shining One

Shops:
D:6 [   D:7 **[[   D:8 *   D:9 }

Annotations:
Lair:3 Sonja


Innate Abilities, Weirdness & Mutations

You reflexively headbutt those who attack you in melee.
You have a pair of horns on your head.
You passively map a small area around you.
You are robust (+10% HP).
You are occasionally teleported next to monsters.
You are weak. (Str -2)
You expend magic power (3 MP) to strengthen your wands.
Your movements are slightly less encumbered by armour (ER -2).


Message History

The flying skull hits you but does no damage. x2
The flying skull hits you!
* * * LOW HITPOINT WARNING * * *
The flying skull hits you.
* * * LOW HITPOINT WARNING * * *
Drink which item? (? for menu, Esc to quit)
You feel better.
The flying skull hits you but does no damage.
The flying skull hits you.
* * * LOW HITPOINT WARNING * * *
The flying skull hits you.
* * * LOW HITPOINT WARNING * * *
The flying skull hits you but does no damage.
The raiju bursts into living lightning!
The living lightning misses the raiju.
The living lightning misses the flying skull.
The living lightning hits you!
* * * LOW HITPOINT WARNING * * *
The living lightning hits you!
You die...

_. .. ##. ..# .. .##
# . #.# .
..###.#####@# #. #.
...# .(.#zzzh.h... #
# .. .....
.#...z...#.#.#.# .
#..#...##.####..#
........###..#.#..##
..# . ... .#.#
##....#..#.# .. . ..
..
.....#.....#.##...#
# ... ....
...............# . .
. .#.....#...h.#. #


You could see 2 raiju and 4 flying skulls.

Vanquished Creatures
  Gastronok (Lair:3)
  Snorg (Lair:3)
  Erolcha (D:8)
  Pikel (D:4)
  The ghost of Eucla the Cudgeler, a novice GrMo of Ru (D:6)
  Psyche (D:8)
  A black mamba (Lair:1)
  7 spiny frogs
  3 komodo dragons
  17 blink frogs
  Sigmund (D:2)
  4 yaks (Lair:2)
  Eustachio (D:5)
  2 hungry ghosts
  A hippogriff (Lair:1)
  Edmund (D:4)
  Menkaure (D:5)
  8 water moccasins
  A warg (shapeshifter) (Abyss:1)
  Duvessa (D:6)
  6 porcupines
  2 black bears
  2 orc warriors
  2 phantoms
  3 sky beasts
  2 ice beasts
  A wasp (D:8)
  5 ogres
  A wolf (Lair:2)
  5 crocodiles
  5 centaurs
  2 big kobolds
  8 giant frogs
  A wyvern zombie (D:5)
  2 scorpions
  Dowan (D:6)
  3 killer bees (D:4)
  2 howler monkeys
  8 crimson imps
  2 centaur zombies
  A jelly (D:5)
  A quasit (D:9)
  5 orc priests
  3 centaur skeletons
  2 giant frog skeletons
  10 hounds
  7 orc wizards
  A gnoll shaman (D:4)
  4 iguanas
  Crazy Yiuf (D:2)
  Jessica (D:6)
  3 worker ants
  A killer bee zombie (D:8)
  A worker ant zombie (D:5)
  3 gnolls (D:4)
  11 adders
  8 river rats (Lair:1)
  4 oozes
  5 worms
  2 dart slugs
  3 giant geckos
  28 orcs
  8 bats
  5 giant cockroaches
  3 goblins
  6 hobgoblins
  9 jackals
  31 kobolds
  3 quokkas
  2 ball pythons
  A giant gecko skeleton (D:8)
  2 giant newts
  A quokka skeleton (D:9)
  7 rats
  A butterfly (D:2)
  A fungus (Lair:3)
303 creatures vanquished.

Vanquished Creatures (collateral kills)
  Urug (Lair:3)
  A blink frog (Lair:3)
2 creatures vanquished.

Vanquished Creatures (others)
  An iguana (D:4)
  A slave (D:4)
  2 orcs (D:4)
  A fungus (Lair:2)
  A plant (D:5)
6 creatures vanquished.

Grand Total: 311 creatures vanquished

Notes
Turn   | Place    | Note
--------------------------------------------------------------
     0 | D:1      | Eucla the Minotaur Berserker began the quest for the Orb.
     0 | D:1      | Reached XP level 1. HP: 19/19 MP: 0/0
   265 | D:1      | Reached skill level 4 in Axes
   265 | D:1      | Reached XP level 2. HP: 25/27 MP: 1/1
   861 | D:2      | Noticed Sigmund
   870 | D:2      | Killed Sigmund
   870 | D:2      | Reached skill level 5 in Fighting
   870 | D:2      | Reached skill level 6 in Axes
   870 | D:2      | Reached XP level 3. HP: 21/36 MP: 2/2
   870 | D:2      | Reached XP level 4. HP: 25/42 MP: 3/3
   870 | D:2      | Reached XP level 5. HP: 29/48 MP: 4/4
   911 | D:2      | Found a sparkling altar of Nemelex Xobeh.
   927 | D:2      | Reached ** piety under Trog
  1358 | D:2      | Found a shimmering altar of Xom.
  1390 | D:2      | Noticed Crazy Yiuf
  1394 | D:2      | Killed Crazy Yiuf
  1662 | D:3      | Reached skill level 7 in Axes
  1662 | D:3      | Reached XP level 6. HP: 41/56 MP: 5/5
  1875 | D:3      | Reached *** piety under Trog
  2548 | D:4      | Found a blossoming altar of Fedhas.
  2561 | D:4      | Reached skill level 8 in Axes
  2583 | D:4      | Found an oddly glowing altar of Pakellas.
  2602 | D:4      | Noticed Edmund
  2605 | D:4      | Reached XP level 7. HP: 45/63 MP: 6/6
  2608 | D:4      | Killed Edmund
  2616 | D:4      | Reached skill level 9 in Axes
  2955 | D:4      | Noticed Pikel
  2970 | D:4      | Killed Pikel
  2970 | D:4      | Reached **** piety under Trog
  2970 | D:4      | Reached skill level 10 in Axes
  2970 | D:4      | Reached XP level 8. HP: 42/73 MP: 7/7
  3482 | D:5      | Entered Level 5 of the Dungeon
  3502 | D:5      | Reached skill level 11 in Axes
  3860 | D:5      | Noticed Eustachio
  3872 | D:5      | Killed Eustachio
  3929 | D:5      | Reached XP level 9. HP: 79/82 MP: 8/8
  3979 | D:5      | Reached ***** piety under Trog
  3979 | D:5      | Reached skill level 12 in Axes
  4114 | D:5      | Gained mutation: You are frail (-10% HP). [mutagenic meat]
  4115 | D:5      | Gained mutation: You expend magic power (3 MP) to strengthen your wands. [mutagenic meat]
  4117 | D:5      | Gained mutation: You are occasionally teleported next to monsters. [mutagenic meat]
  4138 | D:5      | Gained mutation: You passively map a small area around you. [potion of mutation]
  4138 | D:5      | Gained mutation: Your movements are slightly less encumbered by armour (ER -2). [potion of mutation]
  4138 | D:5      | Gained mutation: You are weak. (Str -2) [potion of mutation]
  4139 | D:5      | Lost mutation: You are frail (-10% HP). [potion of mutation]
  4139 | D:5      | Gained mutation: You are robust (+10% HP). [potion of mutation]
  4162 | D:5      | Noticed Menkaure
  4167 | D:5      | Killed Menkaure
  4549 | D:6      | Noticed Jessica
  4591 | D:6      | Reached skill level 13 in Axes
  4703 | D:6      | Noticed Duvessa
  4705 | D:6      | Noticed Dowan
  4705 | D:6      | Found Agogalab's Armour Shop.
  4714 | D:6      | Killed Dowan
  4718 | D:6      | Killed Duvessa
  4718 | D:6      | Reached skill level 10 in Fighting
  4766 | D:6      | Noticed Eucla's ghost (novice GrMo)
  4777 | D:6      | Killed Eucla's ghost
  5037 | D:6      | Found a deep blue altar of Sif Muna.
  5061 | D:6      | Killed Jessica
  5097 | D:7      | Found Zeutzaeb's Antique Armour Shop.
  5137 | D:7      | Reached XP level 10. HP: 96/103 MP: 9/9
  5187 | D:7      | Reached skill level 14 in Axes
  5190 | D:7      | Received a gift from Trog
  5192 | D:7      | Found Ficu's Armour Shop.
  5208 | D:7      | Identified the Grimoire of Ghastly Talismans
  5231 | D:7      | Bought a +2 chain mail of magic resistance for 279 gold pieces
  5250 | D:7      | Found Omirij's Assorted Antiques.
  5250 | D:7      | Found Vudae's Assorted Antiques.
  5296 | D:7      | Got a shimmering hand axe
  5297 | D:7      | Identified the +5 hand axe of Magnificence {chop, rElec Str+3 Dex+2} (You found it on level 7 of the Dungeon)
  5303 | D:7      | Bought a scroll labeled MIJEUT SECA for 21 gold pieces
  5417 | D:7      | Found a staircase to the Ecumenical Temple.
  5645 | D:8      | Found Udiseobb's General Store.
  5645 | D:8      | Noticed Erolcha
  5670 | D:8      | Killed Erolcha
  5736 | D:8      | Identified the Handbook of Feathers
  5856 | D:8      | Noticed Psyche
  5864 | D:8      | Killed Psyche
  5864 | D:8      | Reached skill level 15 in Axes
  6005 | D:8      | Found a glowing golden altar of the Shining One.
  6021 | D:8      | Found a basalt altar of Yredelemnul.
  6222 | D:8      | Found a blossoming altar of Fedhas.
  6503 | D:8      | Noticed an angel
  6583 | D:7      | Bought a glowing battleaxe for 136 gold pieces
  6583 | D:7      | Bought a scroll labeled TACRIYSTOIQ for 21 gold pieces
  6721 | D:9      | Found Faok's Gadget Boutique.
  6748 | D:9      | Found a snail-covered altar of Cheibriados.
  6786 | D:9      | Found a staircase to the Lair.
  6846 | D:9      | Found a snail-covered altar of Cheibriados.
  6955 | D:9      | Found a radiant altar of Vehumet.
  6988 | D:9      | Found an iron altar of Okawaru.
  7139 | D:9      | Found a shattered altar of Ashenzari.
  7250 | Lair:1   | Entered Level 1 of the Lair of Beasts
  7427 | Lair:1   | Noticed a spiny frog
  7436 | Lair:1   | Killed a spiny frog
  7436 | Lair:1   | Reached XP level 11. HP: 74/114 MP: 10/10
  7455 | Lair:1   | Reached skill level 16 in Axes
  8699 | Lair:2   | Reached ****** piety under Trog
  8699 | Lair:2   | Reached skill level 17 in Axes
  9154 | Lair:2   | Got an ichor-stained ring mail
  9165 | Lair:2   | Identified the cursed +0 ring mail "Exuuwn" {Slay+3} (You found it on level 2 of the Lair of Beasts)
  9290 | Lair:2   | Received a gift from Trog
  9632 | Lair:3   | Noticed Sonja
  9655 | Lair:3   | Reached skill level 18 in Axes
  9695 | Lair:3   | Reached XP level 12. HP: 82/126 MP: 11/11
  9704 | Lair:3   | Noticed Urug
  9712 | Lair:3   | Killed Urug
 10072 | Lair:3   | Noticed Gastronok
 10077 | Lair:3   | Noticed Snorg
 10082 | Lair:3   | Killed Gastronok
 10091 | Lair:3   | Killed Snorg
 10152 | Lair:3   | Cast into level 1 of the Abyss (Sonja)
 10155 | Abyss:1  | Found a corrupted altar of Lugonu.
 10194 | Abyss:1  | HP: 6/127 [raiju/living lightning (7)]
 10195 | Abyss:1  | Found a corrupted altar of Lugonu.
 10200 | Abyss:1  | Killed from afar by a raiju

Skill      XL: |  1  2  3  4  5  6  7  8  9 10 11 |
---------------+----------------------------------+-----
Axes           | 4 6 7 8 10 11 13 15 18 | 18.7
Fighting       | 5 6 7 8 10 11 13 | 13.9
Armour         | |  2.4
Dodging        | |  2.1

Action                   |  1- 3 |  4- 6 |  7- 9 | 10-12 || total
-------------------------+-------+-------+-------+-------++-------
Melee: Hand axe          |    35 |   144 |   343 |    75 ||   597
       Headbutt          |     2 |    22 |    68 |    70 ||   162
       Battleaxe         |       |       |       |   331 ||   331
       Executioner's axe |       |       |       |    13 ||    13
Invok: Berserk           |     1 |     2 |     3 |     2 ||     8
       Burn Spellbooks   |       |     1 |       |     1 ||     2
       Brothers in Arms  |       |       |       |     2 ||     2
       Trog's Hand       |       |       |       |     1 ||     1
  Use: Potion            |       |       |     9 |     8 ||    17
       Scroll            |       |       |       |    21 ||    21
 Stab: Distracted        |     1 |       |       |       ||     1
       Sleeping          |       |     1 |       |       ||     1
       Invisible         |       |       |     1 |       ||     1
  Eat: Chunk             |       |     8 |    14 |     4 ||    26
       Fruit             |       |       |     4 |    15 ||    19
       Pizza             |       |       |     1 |       ||     1
       Beef jerky        |       |       |       |     4 ||     4
       Royal jelly       |       |       |       |     3 ||     3
Armor: Animal skin       |     8 |    22 |       |       ||    30
       Chain mail        |       |       |   129 |    15 ||   144
       Plate armour      |       |       |       |   206 ||   206
Dodge: Dodged            |    19 |    92 |   107 |   138 ||   356
